 Dungeon Crawl Stone Soup version 0.22.1-2-g9c5b331 (webtiles) character file.

103 MalarOregon the Insei (level 4, -2/33 HPs)
             Began as a Merfolk Transmuter on Nov 24, 2018.
             Slain by an orc
             ... wielding a +0 flail
              (9 damage)
             ... on level 3 of the Dungeon.
             The game lasted 00:03:02 (1885 turns).

MalarOregon the Insei (Merfolk Transmuter)          Turns: 1885, Time: 00:03:03

Health: -2/33      AC:  2    Str: 10    XL:     4   Next: 79%
Magic:  0/7        EV: 13    Int: 13    God:
Gold:   114        SH:  0    Dex: 14    Spells: 7/8 levels left

rFire    . . .     SeeInvis .     - Unarmed
rCold    . . .     Gourm    .   (no shield)
rNeg     . . .     Faith    .   b - +0 robe
rPois    .         Spirit   +   (no helmet)
rElec    .         Reflect  .   n - scarf {Spirit}
rCorr    .         Harm     .   (no gloves)
MR       .....                  (no boots)
Stlth    +.........             (no amulet)
HPRegen  0.11/turn              (no ring)
MPRegen  0.10/turn              (no ring)

@: appendage (expiring)
A: change form in water, swift swim, stealthy swim, horns 2
a: End Transformation


You were on level 3 of the Dungeon.
You were not hungry.
You had grown temporary horns.
You visited 1 branch of the dungeon, and saw 3 of its levels.

You collected 114 gold pieces.

Inventory:

Missiles
 a - 12 arrows
Armour
 b - a +0 robe (worn)
 n - a scarf of spirit shield (worn)
   (You found it on level 2 of the Dungeon)
Scrolls
 f - a scroll of teleportation {unknown}
 i - 2 scrolls of enchant armour {unknown}
 j - a scroll of immolation {unknown}
 o - a scroll of magic mapping {unknown}
 q - a scroll of identify {unknown}
Potions
 d - a potion of might {unknown}
 g - 2 potions of degeneration {unknown}
 h - 2 potions of lignification {unknown}
 k - a potion of curing {unknown}
 l - a potion of magic {unknown}
 m - a potion of agility {unknown}
 p - a potion of heal wounds {unknown}
Comestibles
 c - 3 chunks of flesh
 e - 4 rations {!d}


   Skills:
 + Level 2.1 Fighting
 + Level 3.4 Dodging
 * Level 4.3 Unarmed Combat
 + Level 2.5 Spellcasting
 + Level 3.6 Transmutations


You had 7 spell levels left.
You knew the following spells:

 Your Spells              Type           Power        Failure   Level  Hunger
a - Beastly Appendage     Tmut           ##....       5%          1    #......

Your spell library contained the following spells:

 Spells                   Type           Power        Failure   Level  Hunger
 Sticks to Snakes         Tmut           ##......     9%          2    ###....
 Spider Form              Tmut/Pois      #.........   34%         3    ###....
 Ice Form                 Ice/Tmut       #.......     75%         4    #####..
 Blade Hands              Tmut           ##........   83%         5    ######.


Dungeon Overview and Level Annotations

Branches:
Dungeon (3/15)

Altars:
Cheibriados
Kikubaaqudgha
Trog


Innate Abilities, Weirdness & Mutations

You revert to your normal form in water.
You are very nimble and swift while swimming.
You are very stealthy in the water. (Stealth+)
You have a pair of horns on your head.


Message History

Things that are here:
a short sword; a leather armour Your transformation is almost over.
The hobgoblin closely misses you.
Found a naga barding.
You hit the hobgoblin. The hobgoblin misses you.
You hit the hobgoblin.
The hobgoblin hits you but does no damage.
You hit the hobgoblin but do no damage. The hobgoblin hits you with a club.
You hit the hobgoblin. You closely miss the hobgoblin.
The hobgoblin barely misses you.
You hit the hobgoblin.
You kill the hobgoblin!
A kobold comes into view. It is wielding a short sword.
Your horns disappear.
The kobold shouts!
You hear a shout! x2
An orc comes into view. It is wielding a flail.
The orc shouts!
You hear a shout!
An orc comes into view. It is wielding a short sword.
An orc comes into view.
The kobold hits you with a short sword.
* * * LOW HITPOINT WARNING * * *
You grow a pair of large bovine horns.
The kobold misses you.
You closely miss the kobold. The kobold closely misses you.
You hit the kobold. The kobold barely misses you.
You hit the kobold but do no damage.
You headbutt the kobold, but do no damage.
You punch the kobold. The orc barely misses you. The kobold barely misses you.
You completely miss the kobold. The orc hits you with a short sword!
* * * LOW HITPOINT WARNING * * *
The orc barely misses you.
You barely miss the kobold. The kobold closely misses you.
The orc closely misses you.
You hit the kobold.
You kill the kobold!
Your transformation is almost over.
The orc hits you but does no damage. The orc hits you with a short sword.
* * * LOW HITPOINT WARNING * * *
An orc wizard comes into view. It is wielding a dagger.
You see here a short sword.
Unknown command.
You barely miss the orc. The orc hits you with a flail.
* * * LOW HITPOINT WARNING * * *
You hit the orc but do no damage. The orc barely misses you.
You hit the orc but do no damage. The orc misses you.
You hit the orc. You hit the orc. The orc closely misses you.
You closely miss the orc. The orc barely misses you.
You hit the orc but do no damage. The orc hits you with a flail!
You die...

#.......)<##
#.#......)..#
......).....#
............#
[.#.(.......#
#.#....o#.#
#.##.>oo#>#
##.#o#.#
o..#@#.#
.o.###.# #o#.
#.# # # #.#
... ... ...
#####


You could see an orc wizard and 3 orcs.

Vanquished Creatures
  3 adders
  2 oozes (D:1)
  5 dart slugs
  A leopard gecko (D:2)
  4 orcs (D:3)
  3 bats
  A giant cockroach (D:1)
  7 goblins
  8 hobgoblins
  7 kobolds
  6 frilled lizards
  6 rats
53 creatures vanquished.

Notes
Turn   | Place    | Note
-------+----------+-------------------------------------------
     0 | D:1      | MalarOregon the Merfolk Transmuter began the quest for the
                  | Orb.
     0 | D:1      | Reached XP level 1. HP: 15/15 MP: 3/3
    60 | D:1      | Reached XP level 2. HP: 15/21 MP: 3/5
   422 | D:1      | Reached XP level 3. HP: 22/26 MP: 4/6
   873 | D:2      | Reached skill level 4 in Unarmed Combat
  1179 | D:2      | Reached XP level 4. HP: 33/33 MP: 5/7
  1280 | D:2      | Found an ancient bone altar of Kikubaaqudgha.
  1352 | D:2      | Found a snail-covered altar of Cheibriados.
  1707 | D:3      | Found a bloodstained altar of Trog.
  1885 | D:3      | Slain by an orc

Skill      XL: |  1  2  3  4 |
---------------+-------------+-----
Transmutations | 3 |  3.6
Dodging        | 3 |  3.4
Unarmed Combat | 4 |  4.3
Fighting       | 2 |  2.1
Spellcasting   | |  2.5

Action                   |  1- 3 |  4- 6 || total
-------------------------+-------+-------++-------
Melee: Unarmed           |    96 |    76 ||   172
       Headbutt          |    11 |     5 ||    16
       Punch             |       |     3 ||     3
 Cast: Beastly Appendage |    17 |    11 ||    28
  Eat: Chunk             |     1 |     3 ||     4
Armor: Robe              |     9 |    11 ||    20
Dodge: Dodged            |    49 |    70 ||   119
